 Dungeon Crawl Stone Soup version 0.26.1-10-gdfb7c7de75 (webtiles) character file.

Game seed: 366800744524343978

116673 nightchill the Brawler (level 16, -6/149 HPs)
             Began as a Ghoul Fighter on Apr 5, 2021.
             Was an Initiate of Gozag.
             Mangled by a wolf spider (7 damage)
             ... on level 2 of the Spider Nest.
             The game lasted 01:12:34 (37224 turns).

nightchill the Brawler (Ghoul Fighter)             Turns: 37224, Time: 01:12:35

Health: -6/149     AC: 20    Str: 26    XL:     16   Next: 72%
Magic:  0/15       EV:  6    Int: 10    God:    Gozag
Gold:   91         SH: 12    Dex: 10    Spells: 15/15 levels left

rFire    + + .     SeeInvis +     - Unarmed
rCold    + + .     Faith    .   b - +0 kite shield
rNeg     + + +     Spirit   +   M - +0 plate armour {rF+}
rPois    ∞         Reflect  .   o - +0 helmet
rElec    .         Harm     .   g - scarf {rC+ rF+}
rCorr    +         Rampage  .   y - +1 pair of gloves of Ucsirch {Will+ Int+3 Dex+2 Stlth-}
Will     ++++.                  W - +0 pair of boots {run}
Stlth    ..........             e - amulet of guardian spirit
HPRegen  0.00/turn              a - ring of the Mage {Wiz Will++ Int+3}
MPRegen  0.14/turn              n - ring "Xeteupok" {rPois rCorr SInv Stlth+}

@: invisible, quick
A: claws 1, cold resistance 1, negative energy resistance 3, inhibited
regeneration, torment resistance, unbreathing
a: Renounce Religion, Potion Petition, Call Merchant, Bribe Branch


You were on level 2 of the Spider Nest.
You worshipped Gozag.
Gozag was noncommittal.
You visited 6 branches of the dungeon, and saw 28 of its levels.
You also visited: Bailey and Volcano.

You collected 8374 gold pieces.
You spent 4425 gold pieces at shops.
You paid 3858 gold pieces to Gozag.

Inventory:

Missiles
 x - 2 boomerangs of dispersal
 P - a throwing net
Armour
 b - a +0 kite shield (worn)
 g - a scarf of resistance (worn)
 o - a +0 helmet (worn)
 y - the +1 pair of gloves of Ucsirch (worn) {Will+ Int+3 Dex+2 Stlth-}
   (You bought it in a shop on level 7 of the Dungeon)

   It affects your intelligence (+3).
   It affects your dexterity (+2).
   It affects your willpower, your defense against some magical effects.
   It makes you less stealthy.
 M - a +0 plate armour of fire resistance (worn)
 W - a +0 pair of boots of running (worn)
Jewellery
 a - the ring of the Mage (left hand) {Wiz Will++ Int+3}
   (You bought it in a shop on level 2 of the Orcish Mines)

   [ring of wizardry]

   It improves your spell success rate.
   It affects your intelligence (+3).
   It affects your willpower, your defense against some magical effects.
 c - an uncursed amulet of the acrobat {unknown}
 e - an amulet of guardian spirit (around neck)
 j - a +4 ring of protection {unknown}
 l - an uncursed ring of wizardry {unknown}
 n - the ring "Xeteupok" (right hand) {rPois rCorr SInv Stlth+}
   (You bought it in a shop on level 2 of the Orcish Mines)

   [ring of resist corrosion]

   It protects you from poison.
   It lets you see invisible.
   It provides partial protection from all sources of acid and corrosion.
   It makes you more stealthy.
 t - an uncursed ring of flight
 A - a +4 ring of evasion
 G - an uncursed ring of protection from fire
 T - an uncursed ring of fire
Wands
 f - a wand of enslavement (11)
 r - a wand of digging (2)
 s - a wand of paralysis (20)
 C - a wand of random effects (9)
 H - a wand of disintegration (11)
 I - a wand of acid (44)
 O - a wand of flame (20)
 V - a wand of iceblast (11)
Scrolls
 d - 7 scrolls of teleportation
 h - 11 scrolls of remove curse
 i - 6 scrolls of fear {unknown}
 m - 2 scrolls of blinking {unknown}
 p - 6 scrolls of enchant armour {unknown}
 w - 3 scrolls of identify
 B - 3 scrolls of immolation {unknown}
 D - 4 scrolls of magic mapping
 E - a scroll of enchant weapon
 K - 3 scrolls of fog
 Q - a scroll of silence
 S - a scroll of vulnerability
Potions
 k - 2 potions of resistance
 q - a potion of magic
 v - 6 potions of curing
 z - 8 potions of degeneration
 F - 5 potions of brilliance
 J - 2 potions of might
 L - 4 potions of haste
 R - a potion of berserk rage
Miscellaneous
 u - a phial of floods
 N - a tin of tremorstones (inert)
 X - a condenser vane (inert)
 Z - a phantom mirror


   Skills:
 + Level 15.1 Fighting
 - Level 10.3 Armour
 + Level 9.4 Shields
 * Level 20.0 Unarmed Combat
 * Level 9.0 Evocations


You had 15 spell levels left.
You didn't know any spells.
Your spell library contained the following spells:

 Spells                   Type           Power        Failure   Level
 Corona                   Hex            0%           94%         1
 Freeze                   Ice            0%           94%         1
 Magic Dart               Conj           0%           94%         1
 Shock                    Conj/Air       0%           94%         1
 Ensorcelled Hibernation  Hex/Ice        0%           98%         2
 Searing Ray              Conj           0%           98%         2
 Swiftness                Air            0%           98%         2
 Confusing Touch          Hex            0%           100%        3
 Dazzling Flash           Conj/Hex       0%           100%        3
 Frozen Ramparts          Ice            0%           100%        3
 Ozocubu's Armour         Ice            0%           100%        3
 Static Discharge         Conj/Air       0%           100%        3
 Tukima's Dance           Hex            0%           100%        3
 Airstrike                Air            0%           100%        4
 Fulminant Prism          Conj/Hex       0%           100%        4
 Hailstorm                Conj/Ice       0%           100%        4
 Iskenderun's Mystic Bla  Conj/Tloc      0%           100%        4
 Summon Ice Beast         Ice/Summ       0%           100%        4
 Lightning Bolt           Conj/Air       0%           100%        5


Dungeon Overview and Level Annotations

Branches:
Dungeon (15/15) Temple (0/1) D:5 Lair (6/6) D:9 Shoals (2/4) Lair:3 Spider (2/4) Lair:4 Slime (0/5) Lair:5 Orc (2/2) D:11 Elf (1/3) Orc:2 Vaults (0/5) D:13 D:14 Depths (0/5) D:15 Bailey (visited) Volcano (visited)

Altars:
Ashenzari
Cheibriados
Elyvilon
Gozag
Kikubaaqudgha
Makhleb
Okawaru
Qazlal
Ru
Sif Muna
Trog
Uskayaw
Xom
Yredelemnul
Zin
The Shining One

Shops:
D:7 **[=   D:11 }   D:15 *   Orc:1 [   Orc:2 ([[(*=   Shoals:1 :

Annotations:
D:4 3 runed translucent doors, ika404's ghost, amateur GrGl
D:7 2 transporters, 15bullets's ghost, novice TrMo
D:8 exclusion: downstairs
D:13 3 runed translucent doors, exclusion: 2 downstairs, 15bullets's ghost, adept FoFi
D:14 exclusion: door
Lair:3 exclusions: 2 electric eels and 1 more exclusion
Shoals:2 2 transporters, raph's ghost, adept MiGl
Spider:1 exclusion: downstairs


Innate Abilities, Weirdness & Mutations

You thrive by killing the living.
You are immune to poison.
You have sharp fingernails.
Your flesh is cold resistant. (rC+)
You are immune to negative energy. (rN+++)
You do not regenerate when monsters are visible.
You are immune to unholy pain and torment.
You can survive without breathing.


Message History

The demonic crawler hits you but does no damage.
You block the demonic crawler's attack. The demonic crawler hits you.
* * * LOW HITPOINT WARNING * * *
A tarantella comes into view.
The demonic crawler hits you but does no damage. x6
Unknown command.
Okay, then.
Okay, then.
Okay, then.
Unknown command.
Press: ? - help, v - describe, . - travel
Here: a wolf spider The floor.
You fade into invisibility!
The tarantella hisses angrily.
The wolf spider hits you!
* * * LOW HITPOINT WARNING * * *
The wolf spider bites you!
You die...
Your body crumbles into a pile of gold.

......≈≈≈
.......≈#
$s.......# # $
........# #≈≈
......[.###..≈≈
.......y......≈
......sss.....≈
.....ss@ss....#
......ssss.s>..
.......s......^
........s.s....
....(..........
.......^.......
...............
.........s.....


You could see 3 demonic crawlers, 3 wolf spiders, 2 orb spiders, a hornet, 3
jumping spiders, 5 tarantellas and a redback.

Vanquished Creatures
  Rupert (D:14)
  A titan (Shoals:1)
  Kirke (Lair:5)
  A stone giant (D:14)
  A very ugly thing (D:13)
  Nessos (D:15)
  2 merfolk javelineers (Shoals:2)
  2 merfolk impalers
  2 boulder beetles
  5 hydras
  An alligator snapping turtle (Shoals:1)
  2 catoblepae
  2 centaur warriors
  7 two-headed ogres
  A vampire mage (D:14)
  3 orc high priests (Orc:2)
  Urug (D:13)
  Sonja (Orc:2)
  A deep elf knight (Orc:2)
  A sun demon (Volcano)
  9 skeletal warriors
  A hell knight (Volcano)
  6 sea snakes
  A spark wasp zombie (D:15)
  3 unseen horrors
  2 necromancers (D:15)
  3 orb spiders (Spider:1)
  A wolf spider zombie (D:15)
  17 ugly things
  9 orc knights
  5 deep elf magi
  4 orc sorcerers
  7 wolf spiders (Spider:1)
  13 fauns
  A moth of wrath (Spider:2)
  5 manticores
  5 cyclopes
  2 black mambas (Lair:4)
  Maurice (D:12)
  6 elephants (Lair:5)
  Joseph (D:8)
  6 merfolk sirens
  3 water nymphs (Shoals:2)
  Psyche (D:9)
  A gargoyle (D:15)
  9 cane toads
  6 komodo dragons
  An efreet (D:13)
  A spriggan zombie (D:15)
  3 tengu conjurers
  2 demonic crawlers (Spider:1)
  A yaktaur skeleton (D:15)
  2 redback zombies (D:15)
  A guardian mummy (D:15)
  A polar bear (shapeshifter) (D:13)
  6 trolls
  6 merfolk
  A polar bear (Lair:5)
  A spriggan skeleton (D:15)
  4 jumping spiders (Spider:1)
  A wind drake (Shoals:1)
  Prince Ribbit (D:8)
  11 blink frogs
  A meliai zombie (D:13)
  5 snapping turtles
  A centaur simulacrum (D:14)
  7 tarantellas
  9 redbacks
  3 water elementals
  5 wyverns
  3 wraiths
  A vampire (D:15)
  27 yaks
  A spriggan (D:8)
  A shadow (D:14)
  2 hogs (Lair:5)
  18 humans
  4 basilisks
  3 wargs
  Grum (D:8)
  2 hell hounds (Volcano)
  An acid dragon (D:13)
  11 water moccasins
  24 orc warriors
  2 black bears
  3 eyes of draining
  6 ice beasts
  2 necrophages
  7 sky beasts
  8 ogres
  3 phantoms
  14 centaurs
  15 wolves
  A big kobold (D:9)
  27 bullfrogs
  3 gnoll sergeants
  4 scorpions
  10 killer bees
  22 wights
  A bullfrog zombie (D:5)
  A quasit (D:13)
  4 jellies
  22 orc priests
  A bullfrog skeleton (D:4)
  6 centaur zombies
  8 hounds
  19 orc wizards
  4 centaur skeletons
  4 iguanas
  6 hell rats (Lair:5)
  9 worker ants
  A hound zombie (D:8)
  A hound skeleton (D:11)
  3 worker ant zombies
  A howler monkey zombie (D:5)
  6 gnolls
  A howler monkey skeleton (D:4)
  14 adders
  4 shadow imps
  2 white imps
  6 oozes
  2 ufetubi
  2 adder zombies
  2 worms (D:3)
  A dart slug (D:1)
  6 leopard geckos
  95 orcs
  2 ball pythons
  4 giant cockroaches
  12 goblins
  8 hobgoblins
  7 jackals
  12 kobolds
  5 quokkas
  4 bats
  A frilled lizard (D:4)
  A leopard gecko skeleton (D:5)
  7 rats
760 creatures vanquished.

Vanquished Creatures (others)
  A dancing weapon (Elf:1)
  A human (Lair:5)
  An ooze (Lair:5)
  An orc (Orc:2)
  38 fungi
  107 plants
  3 withered plants (D:15)
152 creatures vanquished.

Grand Total: 912 creatures vanquished

Notes
Turn   | Place    | Note
-------+----------+-------------------------------------------
     0 | D:1      | nightchill the Ghoul Fighter began the quest for the Orb.
     0 | D:1      | Reached XP level 1. HP: 19/19 MP: 0/0
   275 | D:1      | Reached XP level 2. HP: 26/26 MP: 1/1
   508 | D:1      | Reached skill level 3 in Unarmed Combat
   598 | D:1      | Reached XP level 3. HP: 29/33 MP: 2/2
  1331 | D:2      | Reached skill level 4 in Unarmed Combat
  1331 | D:2      | Reached XP level 4. HP: 39/40 MP: 3/3
  1723 | D:3      | Reached XP level 5. HP: 7/47 MP: 3/4
  1732 | D:3      | Reached skill level 5 in Unarmed Combat
  1734 | D:3      | HP: 2/47 [something (2)]
  2492 | D:4      | Found an opulent altar of Gozag.
  2502 | D:4      | Became a worshipper of Gozag Ym Sagoz the Greedy
  2528 | D:4      | Reached XP level 6. HP: 54/55 MP: 5/5
  2693 | D:4      | Reached skill level 5 in Fighting
  2749 | D:4      | Reached skill level 6 in Unarmed Combat
  2850 | D:4      | Found a runed translucent gate.
  2850 | D:4      | Found a runed translucent gate.
  2851 | D:4      | Found a runed translucent gate.
  2852 | D:4      | Noticed ika404's ghost (amateur GrGl)
  2889 | D:4      | Noticed a phantom
  2916 | D:4      | Killed a phantom
  2917 | D:4      | Reached XP level 7. HP: 54/61 MP: 6/6
  3377 | D:5      | Entered Level 5 of the Dungeon
  3385 | D:5      | Reached skill level 7 in Unarmed Combat
  3993 | D:5      | Found a staircase to the Ecumenical Temple.
  4130 | D:5      | Reached skill level 8 in Unarmed Combat
  4499 | D:6      | Reached XP level 8. HP: 71/71 MP: 7/7
  5084 | D:6      | Reached skill level 9 in Unarmed Combat
  5562 | D:7      | Found a basalt altar of Yredelemnul.
  5635 | D:7      | Found Cadoekk's General Store.
  5679 | D:7      | Bought a scarf of resistance for 416 gold pieces
  6009 | D:7      | Found a transporter.
  6012 | D:7      | Found a transporter.
  6032 | D:7      | Noticed a moth of wrath
  6036 | D:7      | Found a bloodstained altar of Trog.
  6036 | D:7      | Noticed 15bullets's ghost (novice TrMo)
  6045 | D:7      | Noticed a two-headed ogre
  6084 | D:7      | Found an iron altar of Okawaru.
  6103 | D:7      | Reached skill level 10 in Unarmed Combat
  6103 | D:7      | Reached XP level 9. HP: 71/81 MP: 8/8
  6252 | D:7      | Found Hiag's Jewellery Shoppe.
  6421 | D:7      | Found Haluceto's Antique Armour Boutique.
  6424 | D:7      | Bought a pair of shimmering gloves for 218 gold pieces
  6434 | D:7      | Identified the +1 pair of gloves of Ucsirch {Will+ Int+3
                  | Dex+2 Stlth-} (You bought it in a shop on level 7 of the
                  | Dungeon)
  6518 | D:7      | Found Myrahyx's General Store.
  6580 | D:7      | Found a burning altar of Makhleb.
  6602 | D:8      | Noticed Grum
  6631 | D:7      | Reached skill level 11 in Unarmed Combat
  6854 | D:8      | Killed Grum
  6957 | D:8      | Noticed a +0 hand axe
  6958 | D:8      | Noticed a +0 dagger
  7157 | D:8      | Found a stormy altar of Qazlal.
  7376 | D:8      | Found a hide-covered altar of Uskayaw.
  7381 | D:8      | Noticed Prince Ribbit
  7396 | D:8      | Killed Prince Ribbit
  7773 | D:8      | Noticed Joseph
  7784 | D:8      | Killed Joseph
  7785 | D:8      | Reached skill level 12 in Unarmed Combat
  7785 | D:8      | Reached XP level 10. HP: 88/91 MP: 9/9
  7911 | D:8      | Found a glowing silver altar of Zin.
  8193 | D:8      | Found a broken altar of Ashenzari.
  8197 | D:8      | Found a sacrificial altar of Ru.
  8198 | D:8      | Found a glowing golden altar of the Shining One.
  8198 | D:8      | Found an ancient bone altar of Kikubaaqudgha.
  8198 | D:8      | Found a snail-covered altar of Cheibriados.
  8201 | D:8      | Found a shimmering altar of Xom.
  8694 | D:9      | Noticed Psyche
  8744 | D:9      | Killed Psyche
  8745 | D:9      | Reached skill level 5 in Armour
  8925 | D:9      | Killed an unseen horror
  8926 | D:9      | Reached skill level 10 in Fighting
  8926 | D:9      | Reached skill level 13 in Unarmed Combat
  9167 | D:9      | Noticed a two-headed ogre
  9180 | D:9      | Killed a two-headed ogre
  9189 | D:9      | Noticed a two-headed ogre
  9199 | D:9      | Killed a two-headed ogre
  9200 | D:9      | Reached XP level 11. HP: 100/101 MP: 10/10
  9466 | D:9      | You fall into a shaft and drop 3 floors!
  9680 | D:12     | Reached skill level 14 in Unarmed Combat
  9689 | D:12     | Found a flagged portal.
  9709 | Bailey   | Entered a bailey
  9833 | Bailey   | Noticed an orc knight
  9854 | Bailey   | Noticed an orc knight
  9933 | Bailey   | Killed an orc knight
  9952 | Bailey   | Killed an orc knight
 10002 | Bailey   | Noticed an orc knight
 10480 | D:12     | Noticed a deep elf mage
 10497 | D:12     | Killed a deep elf mage
 10807 | D:12     | Found a shimmering blue altar of Sif Muna.
 10824 | D:12     | Noticed a two-headed ogre
 10835 | D:12     | Killed a two-headed ogre
 11289 | D:12     | Noticed Maurice
 11331 | D:12     | Killed Maurice
 11332 | D:12     | Reached skill level 15 in Unarmed Combat
 11332 | D:12     | Reached XP level 12. HP: 97/110 MP: 11/11
 11471 | D:11     | Found a staircase to the Orcish Mines.
 11715 | D:10     | Entered Level 10 of the Dungeon
 11722 | D:10     | Found an ancient bone altar of Kikubaaqudgha.
 11849 | D:10     | Noticed a catoblepas
 11868 | D:10     | Killed a catoblepas
 12040 | D:10     | Found a snail-covered altar of Cheibriados.
 12040 | D:10     | Noticed a six-headed hydra
 12057 | D:10     | Killed a six-headed hydra
 12703 | D:9      | Found a staircase to the Lair.
 13219 | Lair:1   | Entered Level 1 of the Lair of Beasts
 13233 | Lair:1   | Noticed a five-headed hydra
 13246 | Lair:1   | Killed a five-headed hydra
 13847 | Lair:1   | Found a dark tunnel.
 13859 | Volcano  | Entered a volcano
 14189 | Volcano  | Noticed a sun demon
 14204 | Volcano  | Killed a sun demon
 15130 | Lair:2   | Reached skill level 16 in Unarmed Combat
 16825 | Lair:3   | Reached XP level 13. HP: 119/119 MP: 12/12
 16857 | Lair:3   | Found a staircase to the Shoals.
 17923 | Lair:4   | Found a burning altar of Makhleb.
 17999 | Lair:4   | Reached skill level 5 in Shields
 18113 | Lair:4   | Found a hole to the Spider Nest.
 18519 | Lair:4   | You fall into a shaft and drop 2 floors!
 18519 | Lair:6   | Entered Level 6 of the Lair of Beasts
 19012 | Lair:5   | Noticed Kirke
 19055 | Lair:5   | Killed Kirke
 19056 | Lair:5   | Reached skill level 17 in Unarmed Combat
 19857 | Lair:5   | Found a staircase to the Slime Pits.
 21274 | Orc:1    | Entered Level 1 of the Orcish Mines
 21274 | Orc:1    | Found Cel Doapp's Armour Shoppe.
 21279 | Orc:1    | Reached XP level 14. HP: 129/129 MP: 13/13
 21668 | Orc:2    | Entered Level 2 of the Orcish Mines
 22272 | Orc:2    | Found a staircase to the Elven Halls.
 22785 | Orc:2    | Noticed Sonja
 22809 | Orc:2    | Killed Sonja
 23128 | Orc:2    | Reached skill level 10 in Armour
 23175 | Orc:2    | Found Zeuchogi's Weapon Shoppe.
 23175 | Orc:2    | Found Duddeja's Armour Shop.
 23177 | Orc:2    | Found Avujoul's Armour Shoppe.
 23177 | Orc:2    | Found Icrat's Weapon Shop.
 23188 | Orc:2    | Bought a +0 pair of boots of running for 472 gold pieces
 23535 | D:7      | Bought a pair of embroidered gloves for 172 gold pieces
 23786 | Orc:2    | Bought the ring of the Mage {Wiz Will++ Int+3} for 982 gold
                  | pieces
 23786 | Orc:2    | Found the ring of the Mage {Wiz Will++ Int+3}
 23803 | Elf:1    | Entered Level 1 of the Elven Halls
 23832 | Elf:1    | Reached skill level 18 in Unarmed Combat
 23864 | Orc:2    | Bought the ring "Xeteupok" {rPois rCorr SInv Stlth+} for
                  | 725 gold pieces
 23945 | Elf:1    | Reached skill level 1 in Evocations
 24664 | D:11     | Found Oqixot's Gadget Shoppe.
 27043 | D:11     | Bought a condenser vane for 720 gold pieces
 27120 | D:13     | Found a runed translucent gate.
 27124 | D:13     | Found a runed translucent gate.
 27124 | D:13     | Found a runed translucent gate.
 27124 | D:13     | Noticed 15bullets's ghost (adept FoFi)
 27272 | D:13     | Identified the +2 robe "Ecvya" {rElec Int+7 Dex-3}
 27278 | D:13     | Found an iron altar of Okawaru.
 27296 | D:14     | Found a gate to the Vaults.
 27296 | D:14     | Noticed Rupert
 27296 | D:14     | Noticed Urug
 27296 | D:14     | Noticed a green very ugly thing
 27318 | D:13     | Killed a green very ugly thing
 27319 | D:13     | Reached XP level 15. HP: 121/138 MP: 12/14
 27450 | D:13     | Killed Urug
 27505 | D:14     | Killed Rupert
 27928 | D:14     | Found a shimmering altar of Xom.
 28033 | D:14     | Reached skill level 5 in Evocations
 28726 | D:14     | Found a white marble altar of Elyvilon.
 29013 | D:11     | Bought a phantom mirror for 720 gold pieces
 29111 | D:15     | Entered Level 15 of the Dungeon
 29506 | D:15     | Found a staircase to the Depths.
 29627 | D:15     | Noticed Nessos
 29645 | D:15     | Killed Nessos
 29925 | D:15     | Reached skill level 19 in Unarmed Combat
 30333 | D:15     | Found Gozag's Platinum Reserve.
 31041 | D:15     | Found a hide-covered altar of Uskayaw.
 31644 | D:15     | Found an opulent altar of Gozag.
 31948 | Shoals:1 | Entered Level 1 of the Shoals
 32440 | Shoals:1 | Reached XP level 16. HP: 138/147 MP: 15/15
 32914 | Shoals:1 | Found Buf Hopn's Book Shop.
 33848 | Shoals:1 | Noticed a titan
 33941 | Shoals:1 | Killed a titan
 34634 | Shoals:2 | Found the +2 hat of the Bear Spirit {Spirit, +Rage rN+
                  | Will++}
 34652 | Shoals:2 | Found a transporter.
 34652 | Shoals:2 | Found a transporter.
 34652 | Shoals:2 | Noticed raph's ghost (adept MiGl)
 34815 | Shoals:2 | Identified the cursed +1 rapier "Guivenou" {elec, Dex+4}
 34853 | Shoals:2 | Noticed a kraken
 35258 | Shoals:2 | Reached skill level 15 in Fighting
 35878 | Spider:1 | Entered Level 1 of the Spider Nest
 36528 | Spider:1 | HP: 2/149 [disintegration (41)]
 36533 | Spider:1 | Reached skill level 20 in Unarmed Combat
 37224 | Spider:2 | HP: 1/149 [wolf spider (9)]
 37224 | Spider:2 | Mangled by a wolf spider

Illustrated notes

Levels and vault maps discovered:
D:1:      lightli_arrival_statue_moat, layout_basic
D:2:      layout_rooms
D:3:      layout_basic, serial_glass, glass_columns_a, glass_columns_b,
          glass_columns_c, glass_columns_c
D:4:      layout_basic, lemuel_crystal_altar, gammafunk_ghost_nasty_kobolds,
          st_stairs_8, minmay_box_of_dots
D:5:      layout_basic, minmay_temple_entry_antechambers
D:6:      layout_cave_pods
D:7:      layout_loops_corners, lemuel_round_altar, kennysheep_mini,
          okawaru_humans, serial_shops, nicolae_shop_trees, nicolae_shop_stone,
          kennysheep_mini_moat, shop, gammafunk_ghost_wrathful_warriors
D:8:      layout_loops_corners, dancing_weapons_uskayaw, lemuel_doored_altar,
          minitemple, the_bakery, uniq_grum, uniq_joseph, uniq_prince_ribbit1
D:9:      layout_gridville, grunt_lair_entry_orc_guard_hut, uniq_psyche
D:10:     layout_roguey, hangedman_feature_mirror, kennysheep_generic_room_9
D:11:     cheibrodos_barr_body, layout_irregular_city, hiddenorc2_lemuel,
          serial_shops, nicolae_shop_waterfront
D:12:     layout_roguey, basic_altar, enter_bailey_3,
          kennysheep_generic_room_14, uniq_maurice
D:13:     layout_irregular_city, gammafunk_ghost_fury_of_okawaru
D:14:     layout_roguey, david_vaults_3, basic_altar, lemuel_altar_in_water,
          minmay_evil_grid
D:15:     gammafunk_depths_entry_grave, layout_gridville,
          nicolae_gozag_zags_fifth_avenue, basic_altar, grunt_decor_cap,
          grunt_decor_mini_mirrors, minivault_5, small_chamber_with_monster,
          minmay_misc_feat_secret_circle, uniq_nessos
Lair:1:   layout_misc_corridors, enter_volcano_1, infiniplex_staircase_pool
Lair:2:   layout_cave_pods
Lair:3:   layout_long_grid, shoals_dummy_entry, chequers_serial_rivers_micro_a,
          serial_bayou_shore_a, lemuel_fruit_fields
Lair:4:   layout_cave_shapes, spider_nest_entry_a, basic_altar,
          beast_lair_carwin_6, lemuel_fruit_tree
Lair:5:   layout_regular_city, nicolae_slime_entry_slimehenge,
          serial_bayou_pond_e, st_stairs_13, uniq_kirke
Lair:6:   minmay_lair_end_enchanted_forest, layout_big_grid, st_stairs_5,
          zaba_antful_of_joy
Shoals:1: cheibrodos_shoals_gigantism, layout_shoals, serial_shops,
          nicolae_shop_waterfront
Shoals:2: layout_shoals, ebering_ghost_davey_jones
Spider:1: layout_spider_delve
Spider:2: layout_spider_delve
Orc:1:    layout_diamond_mine, serial_shops, shop
Orc:2:    grunt_orc_tribal_feast, layout_caves, uniq_sonja
Elf:1:    eino_elf_arrival_shootout, layout_loops_corners, minivault_28,
          minivault_8, uniq_jorgrun

Skill      XL: |  1  2  3  4  5  6  7  8  9 10 11 12 13 14 15 16 |
---------------+-------------------------------------------------+-----
Unarmed Combat | 3 4 5 6 8 10 12 13 15 16 17 18 19 20 | 20.0
Fighting       | 4 5 6 7 9 10 11 12 13 14 15 | 15.1
Armour         | 4 5 7 8 9 10 | 10.3
Shields        | 4 6 7 8 9 |  9.4
Evocations     | 4 7 9 |  9.0

Action                   |  1- 3 |  4- 6 |  7- 9 | 10-12 | 13-15 | 16-18 || total
-------------------------+-------+-------+-------+-------+-------+-------++-------
Melee: Unarmed           |    80 |   169 |   358 |   703 |  1425 |   369 ||  3104
Invok: Potion Petition   |       |       |       |     2 |     1 |     3 ||     6
       Call Merchant     |       |       |       |       |     2 |       ||     2
 Abil: Evoke Flight      |       |       |       |     3 |       |       ||     3
Evoke: Wand              |       |       |       |    24 |     3 |     6 ||    33
       Tin of tremorston |       |       |       |       |     1 |     3 ||     4
       Condenser vane    |       |       |       |       |     1 |     2 ||     3
       Phial of floods   |       |       |       |       |     1 |       ||     1
  Use: Potion            |       |     2 |     1 |     2 |     2 |     7 ||    14
       Scroll            |       |       |     6 |     4 |    12 |     3 ||    25
 Stab: Distracted        |       |       |     1 |     4 |     6 |       ||    11
       Paralysed         |       |       |       |     4 |       |       ||     4
Armor: Scale mail        |    13 |       |       |       |       |       ||    13
       Plate armour      |    24 |   115 |    36 |    47 |   478 |   202 ||   902
       Ring mail         |       |       |    67 |   201 |       |       ||   268
       Fire dragon scale |       |       |       |     7 |       |       ||     7
Dodge: Dodged            |    14 |    15 |    76 |   164 |   344 |   139 ||   752
Block: Kite shield       |    36 |    78 |   115 |   254 |   579 |   208 ||  1270
